 Dungeon Sprint DCSS version 0.31.0 (webtiles) character file.

Game seed: 118249422371127261

11383 Groucho the Imperceptible (level 11, -3/68 HPs)
             Began as a Felid Berserker on Jan 19, 2024.
             Was a High Priest of Trog.
             Succumbed to poison (dark miasma)
             ... in the Dungeon (Sprint III: "The Ten Rune Challenge").
             The game lasted 00:10:05 (3160 turns).

Groucho the Imperceptible (Felid Berserker)         Turns: 3160, Time: 00:10:05

Health: -3/68      AC:  2    Str: 17    XL:     11   Next: 48%
Magic:  12/12      EV: 29    Int: 10    God:    Trog [*****.]
Gold:   16         SH:  0    Dex: 17    Spells: 10/10 levels left
                                        Lives:  0   Deaths: 3

rFire   . .          .
                       - Unarmed
rCold   . . .        (shield unavailable)
rNeg    . . .        (body armour unavailable)
rPois   .            (helmet unavailable)
rElec   .            (cloak unavailable)
rCorr   .            (gloves unavailable)
SInv    +            (boots unavailable)
Will    +....        (no amulet)
Stlth   ++++++++     (no ring)
HPRegen 0.31/turn    (no ring)
MPRegen 0.13/turn

%: no teleportation
@: lethally poisoned (-3 -> -36), slowed, very slow
A: very small, claws 1, fangs 3, see invisible, shaggy fur 2, stealthy paws, no
weapons or thrown items, no armour, multi-lived
a: Renounce Religion, Berserk, Trog's Hand, Brothers in Arms


You were in the Dungeon.
You worshipped Trog.
Trog was extremely pleased with you.
You visited 1 branch You collected 16 gold pieces.

Inventory:

Wands
 c - a wand of flame (17)
 l - a wand of iceblast (9)
Scrolls
 b - a scroll of torment {unknown}
 g - 3 scrolls of identify
 i - a scroll of immolation {unknown}
Potions
 a - 4 potions of mutation
 d - 3 potions of magic
 e - a potion of berserk rage
 h - 2 potions of enlightenment
Miscellaneous
 k - a sack of spiders


   Skills:
 + Level 13.1 Fighting
 + Level 16.7 Dodging
 - Level 23.0 Stealth
 + Level 12.9 Unarmed Combat
 + Level 10.4 Evocations


You had 10 spell levels left.
You didn't know any spells.
Your spell library was empty.

Dungeon Overview and Level Annotations

Branches:
Dungeon (1/1)

Altars:
Cheibriados
Dithmenos
Elyvilon
Fedhas
Gozag
Hepliaklqana
Kikubaaqudgha
Makhleb
Nemelex Xobeh
Okawaru
Qazlal
Ru
Sif Muna
Trog
Uskayaw
Vehumet
Wu Jian
Xom
Yredelemnul
Zin
The Shining One
Jiyva
Lugonu

Annotations:
D Polyphemus


Innate Abilities, Weirdness & Mutations

You have sharp claws.
You have razor-sharp teeth.
You have supernaturally acute eyesight. (SInv)
You are covered in thick fur. (AC +2)
Your paws help you pounce on unaware monsters.
You are incapable of wielding weapons or throwing items.
You cannot wear armour.
You gain extra lives every three experience levels.


Message History

You are more poisoned.
You feel extremely sick.
You are engulfed in dark miasma.
You are lethally poisoned!
You feel as though you will be slow longer.
* * * LOW HITPOINT WARNING * * *
You feel extremely sick.
You are engulfed in dark miasma.
You are more poisoned.
* * * LOW HITPOINT WARNING * * *
You die...
You feel extremely sick.
You rejoin the land of the living...
You start waiting.
You start waiting.
You start waiting.
Done waiting.
There is an open door here.
You see here the felid corpse of Groucho.
You close the door.
Stopped running for exclusion.
A skeletal warrior opens the door.
A ballistomycete spore comes into view.
The ballistomycete spore moves out of view.
You are engulfed in dark miasma.
You are poisoned.
You feel yourself slow down.
You feel very sick.
There is an open door here.
You are engulfed in dark miasma.
You are more poisoned.
You feel as though you will be slow longer.
You feel extremely sick.
Unknown command.
Unknown command.
You are engulfed in dark miasma.
You are lethally poisoned!
* * * LOW HITPOINT WARNING * * *
You feel extremely sick.
You die...

♣♣♣##'########
♣♣♣♣♣♣♣♣♣♣♣♣♣ #...'.§≈≈§#
..##~~~~~≈..# #)..#.§≈≈≈#
##.#~~~~≈...# #...#.#§≈§#
#.##'~~~≈°####+#####.#
≈≈≈#
#...#~~..°°.☼°.#.§.○○#
§§≈≈
##.)#≈..○#######☼☼°☼.# § §
#####.÷.#......#☼°§.○#+###
##÷.....#♣♣♣(_.#@.°☼.#○..#
##+######
#####☼#####...###
▓~~≈≈≈≈≈≈ #§z°§z○☼§.'.#
▓≈≈~≈≈≈≈≈ #§###########
▓≈≈≈.Y≈≈≈ #§# ▓≈≈..C.~~
#☼# ▓≈≈≈yY≈≈≈ #○#
▓≈≈≈≈≈≈≈≈ #○# ▓≈~~~~~≈≈
#.#


You could see a skeletal warrior.

Vanquished Creatures
  Erolcha (D)
  Urug (D)
  A death drake (D)
  A deep elf pyromancer (D)
  A lindwurm (D)
  2 cane toads (D)
  Duvessa (D)
  A rime drake (D)
  3 wandering mushrooms (D)
  2 tyrant leeches (D)
  2 blink frogs (D)
  A dream sheep (D)
  A shadow (D)
  5 redbacks (D)
  A spatial vortex (D)
  A swamp drake (D)
  5 two-headed ogres (D)
  A water elemental (D)
  A necrophage (D)
  An electric eel (D)
  A jelly (D)
  An orc priest (D)
  Crazy Yiuf (D)
  An arcanist (D)
  Jessica (D)
  A necromancer (D)
  3 humans (D)
  A kobold demonologist (D)
  2 endoplasms (D)
  A rat (D)
46 creatures vanquished.

Vanquished Creatures (collateral kills)
  Dowan (D)
  2 hydras (D)
  A spriggan druid (D)
  A black mamba (D)
  A komodo dragon (D)
  A hornet (D)
  2 spriggans (D)
9 creatures vanquished.

Grand Total: 55 creatures vanquished

Notes
Turn   | Place    | Note
-------+----------+-------------------------------------------
     0 | D        | Groucho the Felid Berserker began the quest for the Orb.
     0 | D        | Reached XP level 1. HP: 12/12 MP: 2/2
     8 | D        | Reached skill level 1 in Stealth
    10 | D        | Reached skill level 2 in Stealth
    61 | D        | Noticed Jessica
    63 | D        | Killed Jessica
    63 | D        | Reached ** piety under Trog
    64 | D        | Reached skill level 5 in Dodging
    64 | D        | Reached skill level 5 in Stealth
    64 | D        | Reached XP level 2. HP: 17/17 MP: 3/3
    64 | D        | Reached XP level 3. HP: 21/21 MP: 4/4
    85 | D        | Reached skill level 6 in Stealth
    92 | D        | Noticed Crazy Yiuf
   105 | D        | Killed Crazy Yiuf
   106 | D        | Reached skill level 7 in Stealth
   106 | D        | Reached XP level 4. HP: 16/26 MP: 5/5
   106 | D        | Gained a life (2 lives remaining)
   189 | D        | Noticed a water elemental
   241 | D        | Killed a water elemental
   241 | D        | Reached *** piety under Trog
   242 | D        | Reached skill level 5 in Fighting
   242 | D        | Reached skill level 8 in Stealth
   242 | D        | Reached skill level 5 in Unarmed Combat
   288 | D        | Found a radiant altar of Vehumet.
   289 | D        | Found a shimmering blue altar of Sif Muna.
   289 | D        | Found an ancient bone altar of Kikubaaqudgha.
   289 | D        | Noticed an arcanist
   292 | D        | Killed an arcanist
   293 | D        | Reached skill level 9 in Stealth
   293 | D        | Reached XP level 5. HP: 30/30 MP: 6/6
   293 | D        | Noticed a rust devil
   296 | D        | Noticed an ice devil
   299 | D        | Slain by a rust devil
   299 | D        | Lost a life (1 life remaining)
   359 | D        | Found a shadowy altar of Dithmenos.
   360 | D        | Found a basalt altar of Yredelemnul.
   360 | D        | Found a sacrificial altar of Ru.
   362 | D        | Reached skill level 10 in Stealth
   362 | D        | Reached **** piety under Trog
   363 | D        | Reached skill level 11 in Stealth
   371 | D        | Found a hide-covered altar of Uskayaw.
   371 | D        | Found an iron altar of Okawaru.
   372 | D        | Found a bloodstained altar of Trog.
   372 | D        | Found an ornate altar of the Wu Jian Council.
   372 | D        | Noticed a human
   372 | D        | Noticed a human
   374 | D        | Killed a human
   375 | D        | Reached skill level 12 in Stealth
   375 | D        | Gained mutation: You are covered in thick fur. (AC +2)
                  | [Felid growth]
   375 | D        | Reached XP level 6. HP: 38/38 MP: 7/7
   375 | D        | Killed a human
   376 | D        | Reached skill level 13 in Stealth
   376 | D        | Reached XP level 7. HP: 42/42 MP: 8/8
   376 | D        | Gained a life (2 lives remaining)
   384 | D        | Found a glowing silver altar of Zin.
   385 | D        | Found a glowing golden altar of the Shining One.
   385 | D        | Found a white marble altar of Elyvilon.
   385 | D        | Noticed a deep elf pyromancer
   387 | D        | Killed a deep elf pyromancer
   387 | D        | Reached ***** piety under Trog
   388 | D        | Reached skill level 15 in Stealth
   399 | D        | Noticed a shadow
   401 | D        | Killed a shadow
   402 | D        | Reached XP level 8. HP: 48/48 MP: 9/9
   418 | D        | Found a blossoming altar of Fedhas.
   418 | D        | Found a stormy altar of Qazlal.
   423 | D        | Found a snail-covered altar of Cheibriados.
   423 | D        | Found a burning altar of Makhleb.
   423 | D        | Found a hazy altar of Hepliaklqana.
   423 | D        | Found a shimmering altar of Xom.
   423 | D        | Found an opulent altar of Gozag.
   423 | D        | Found a sparkling altar of Nemelex Xobeh.
   423 | D        | Found a corrupted altar of Lugonu.
   423 | D        | Found a viscous altar of Jiyva.
   430 | D        | Reached skill level 16 in Stealth
   451 | D        | Reached skill level 1 in Evocations
   456 | D        | Noticed a two-headed ogre
   459 | D        | Killed a two-headed ogre
   460 | D        | Reached skill level 17 in Stealth
   463 | D        | Noticed a two-headed ogre
   463 | D        | Noticed Erolcha
   465 | D        | Killed Erolcha
   465 | D        | Reached ****** piety under Trog
   466 | D        | Reached skill level 18 in Stealth
   466 | D        | Reached XP level 9. HP: 54/54 MP: 10/10
   466 | D        | Killed a two-headed ogre
   467 | D        | Reached skill level 10 in Fighting
   467 | D        | Reached skill level 10 in Unarmed Combat
   478 | D        | Reached skill level 5 in Evocations
   530 | D        | Noticed a wandering mushroom
   535 | D        | Noticed a wandering mushroom
   537 | D        | Noticed a wandering mushroom
   538 | D        | Killed a wandering mushroom
   539 | D        | Reached skill level 19 in Stealth
   543 | D        | Killed a wandering mushroom
   546 | D        | Killed a wandering mushroom
   552 | D        | Noticed a cane toad
   552 | D        | Noticed a komodo dragon
   552 | D        | Noticed a cane toad
   561 | D        | Killed a cane toad
   571 | D        | Killed a cane toad
   572 | D        | Reached XP level 10. HP: 24/60 MP: 11/11
   987 | D        | Reached skill level 20 in Stealth
  1684 | D        | Noticed a lindwurm
  1695 | D        | Killed a lindwurm
  1758 | D        | Noticed Urug
  1760 | D        | Killed Urug
  1761 | D        | Reached skill level 21 in Stealth
  1763 | D        | Noticed a six-headed hydra
  1763 | D        | Noticed a five-headed hydra
  1780 | D        | Killed a five-headed hydra
  1781 | D        | Reached skill level 15 in Dodging
  1783 | D        | Killed an eight-headed hydra
  2142 | D        | Noticed a death drake
  2145 | D        | Killed a death drake
  2146 | D        | Reached skill level 22 in Stealth
  2146 | D        | Reached XP level 11. HP: 66/66 MP: 12/12
  2152 | D        | Found a blossoming altar of Fedhas.
  2152 | D        | Noticed a spriggan druid
  2168 | D        | Killed a spriggan druid
  2438 | D        | Noticed Polyphemus
  2503 | D        | Reached skill level 23 in Stealth
  2544 | D        | Noticed Dowan
  2545 | D        | Noticed Duvessa
  2555 | D        | Killed Dowan
  2556 | D        | Reached skill level 10 in Evocations
  2569 | D        | Killed Duvessa
  2948 | D        | Noticed a skeletal warrior
  2955 | D        | Succumbed to poison (dark miasma)
  2955 | D        | Lost a life (1 life remaining)
  2966 | D        | Succumbed to poison (dark miasma)
  2966 | D        | Lost a life (0 lives remaining)
  3160 | D        | Succumbed to poison (dark miasma)

Illustrated notes

Levels and vault maps discovered:
D:        dungeon_sprint_mu [sprint_mu_entry_forest, sprint_mu_temple_rooms,
          sprint_mu_d1_spiders, sprint_mu_d2_genie, sprint_mu_d3_branching,
          sprint_mu_orc_legion, sprint_mu_elf_gauntlet, sprint_mu_hive_nellie,
          sprint_mu_lair_fedhas, sprint_mu_vaults_butterflies,
          sprint_mu_slime_circle, sprint_mu_swamp_cave, sprint_mu_shoals_archi,
          sprint_mu_blade_basic, sprint_mu_crypt_lich, sprint_mu_tomb_spiral,
          sprint_mu_vestibule_basic, sprint_mu_gehenna_hellfire,
          sprint_mu_dis_giant, sprint_mu_tartarus_statrot,
          sprint_mu_cocytus_islands, sprint_mu_zot1]

Skill      XL: |  1  2  3  4  5  6  7  8  9 10 11 |
---------------+----------------------------------+-----
Stealth        | 5 7 9 12 13 15 18 19 22 23 | 23.0
Fighting       | 4 5 7 8 9 10 12 13 | 13.1
Dodging        | 5 6 7 9 11 12 13 15 16 | 16.7
Unarmed Combat | 4 5 7 8 9 10 12 | 12.9
Evocations     | 4 6 8 10 | 10.4

Action                     |  1- 3 |  4- 6 |  7- 9 | 10-12 || total
---------------------------+-------+-------+-------+-------++-------
  Melee: Unarmed           |    13 |    20 |    36 |    48 ||   117
         Bite              |     1 |     3 |     6 |     7 ||    17
         Punch             |       |       |     1 |     4 ||     5
 Invoke: Berserk           |     2 |     3 |     2 |     3 ||    10
         Trog's Hand       |       |     3 |     2 |     6 ||    11
         Brothers in Arms  |       |       |       |     8 ||     8
  Evoke: Sack of spiders   |       |       |       |     2 ||     2
    Use: Potion            |     2 |     1 |     2 |       ||     5
         Scroll            |       |       |       |     1 ||     1
   Stab: Sleeping          |     3 |     4 |    12 |     8 ||    27
         Distracted        |       |       |       |     1 ||     1
 Armour: Skin              |     3 |    14 |     6 |    15 ||    38
  Dodge: Dodged            |     5 |    17 |    19 |    53 ||    94
